 Dungeon Crawl Stone Soup version 0.23.1 (webtiles) character file.

Game seed: 12826495631169351606

91 wolfsongas the Stinger (level 4, -13/24 HPs)
             Began as a Gargoyle Venom Mage on Mar 2, 2019.
             Mangled by an orc warrior
             ... wielding a +0 scimitar
              (19 damage)
             ... on level 3 of the Dungeon.
             The game lasted 00:04:56 (1796 turns).

wolfsongas the Stinger (Gargoyle Venom Mage)        Turns: 1796, Time: 00:04:57

Health: -13/24     AC:  8    Str: 16    XL:     4   Next: 59%
Magic:  1/7        EV: 14    Int: 17    God:
Gold:   54         SH:  0    Dex: 10    Spells: 6/7 levels left

rFire    . . .     SeeInvis .   e - +1 whip
rCold    . . .     Gourm    .   (no shield)
rNeg     + . .     Faith    .   j - +0 leather armour
rPois    ∞         Spirit   .   (no helmet)
rElec    +         Reflect  .   (no cloak)
rCorr    .         Harm     .   (no gloves)
MR       .....                  (no boots)
Stlth    ++........             (no amulet)
HPRegen  0.08/turn              h - +2 ring of protection
MPRegen  0.10/turn              d - +3 ring of evasion

@: mighty
A: negative energy resistance 1, electricity resistance, unbreathing,
petrification resistance, rot immunity, AC +3
a: no special abilities


You were on level 3 of the Dungeon.
You were hungry.

You visited 1 branch of the dungeon, and saw 3 of its levels.

You collected 54 gold pieces.

Inventory:

Hand Weapons
 e - a +1 whip (weapon)
Armour
 a - a +0 robe
 j - a +0 leather armour (worn)
Jewellery
 d - a +3 ring of evasion (right hand)
 h - a +2 ring of protection (left hand)
 i - an uncursed ring of fire
Scrolls
 f - 2 scrolls of enchant weapon
 l - 2 scrolls of remove curse
Potions
 b - a potion of magic {unknown}
 g - a potion of invisibility {unknown}
 k - a potion of heal wounds
 n - a potion of lignification {unknown}
Comestibles
 c - 5 rations


   Skills:
 - Level 1.5 Dodging
 - Level 2.1 Stealth
 - Level 2.0 Spellcasting
 - Level 1.1 Conjurations
 * Level 5.2 Poison Magic


You had 6 spell levels left.
You knew the following spells:

 Your Spells              Type           Power        Failure   Level  Hunger
a - Sting                 Conj/Pois      ##..         6%          1    #......

Your spell library contained the following spells:

 Spells                   Type           Power        Failure   Level  Hunger
 Poisonous Vapours        Pois/Air       ##....       12%         2    ###....
 Olgreb's Toxic Radiance  Pois           ###.....     28%         4    #####..
 Mephitic Cloud           Conj/Pois/Air  #.......     30%         3    ###....
 Venom Bolt               Conj/Pois      ##........   87%         5    ######.


Dungeon Overview and Level Annotations

Branches:
Dungeon (3/15)

Altars:
Ru


Innate Abilities, Weirdness & Mutations

You are resistant to torment.
Your stone body is resilient. (AC +3)
You are immune to poison.
You resist negative energy. (rN+)
You are resistant to electric shocks. (rElec)
You can survive without breathing.
You are immune to petrification.
You are immune to rotting.


Message History

You feel very mighty all of a sudden.
You feel less confused. The bat hits you but does no damage.
The bat barely misses you. The orc warrior completely misses you.
You barely miss the orc warrior. The bat hits you but does no damage.
The orc warrior barely misses you.
Casting: Sting (safe; 6% risk of failure)
Confirm with . or Enter, or press ? or * to list all spells.
Aiming: Sting (safe; 6% risk of failure)
Press: ? - help, Shift-Dir - straight line, f/p - orc wizard
Aim: an orc wizard, wielding a +0 dagger and wearing a +0 robe The sting hits the orc.
The orc is poisoned.
The orc is severely wounded.
The orc warrior hits you with a +0 scimitar!
Ouch! That really hurt!
* * * LOW HITPOINT WARNING * * *
You barely miss the orc warrior.
A quokka comes into view.
The orc warrior hits you with a +0 scimitar!!
Ouch! That really hurt!
You die...

#..#### #.#####.#....##.#.#.
#.....# #............##.....
#..##.########>...........(..!...
#.#.....#............#.#.(#....#.
..#...†........##..#.............
..#...###.##.#.##......r.........
..#....##.##...†...........#.....
.............#.##oo..............
..##.#.#..#.....@o#####..#.#..!..
#. #......######.....##..........
. #......# #####.##.##.....#. .
..#.#..# ##....#..##. #.####..#
#.# ..# #.# #.#


You could see an orc warrior, an orc wizard, an orc and a quokka (wandering).

Vanquished Creatures
  4 adders
  2 worms (D:2)
  2 dart slugs
  3 leopard geckos
  A ball python (D:1)
  3 giant cockroaches
  4 goblins (D:1)
  6 hobgoblins
  2 quokkas
  6 bats
  3 frilled lizards
  2 kobolds (D:1)
  5 rats
43 creatures vanquished.

Notes
Turn   | Place    | Note
-------+----------+-------------------------------------------
     0 | D:1      | wolfsongas the Gargoyle Venom Mage began the quest for the
                  | Orb.
     0 | D:1      | Reached XP level 1. HP: 10/10 MP: 3/3
   305 | D:1      | Reached XP level 2. HP: 13/15 MP: 3/5
   622 | D:1      | Reached skill level 4 in Poison Magic
   677 | D:1      | Reached XP level 3. HP: 19/19 MP: 3/6
  1290 | D:2      | Found a sacrificial altar of Ru.
  1549 | D:2      | Reached XP level 4. HP: 24/24 MP: 3/7
  1720 | D:3      | Reached skill level 5 in Poison Magic
  1772 | D:3      | Noticed an orc warrior
  1796 | D:3      | Mangled by an orc warrior

Skill      XL: |  1  2  3  4 |
---------------+-------------+-----
Poison Magic   | 4 5 |  5.2
Dodging        | |  1.5
Stealth        | |  2.1
Spellcasting   | |  2.0
Conjurations   | |  1.1

Action                   |  1- 3 |  4- 6 || total
-------------------------+-------+-------++-------
Melee: Whip              |    50 |     9 ||    59
       Unarmed           |     2 |       ||     2
 Cast: Sting             |    61 |    17 ||    78
  Use: Scroll            |     8 |     1 ||     9
       Potion            |     1 |     2 ||     3
  Eat: Ration            |     1 |       ||     1
Armor: Robe              |    15 |       ||    15
       Leather armour    |    17 |    13 ||    30
Dodge: Dodged            |    49 |    31 ||    80
